 Dungeon Crawl Stone Soup version 0.25.1-8-g42b30a86e7 (webtiles) character file.

Game seed: 6170733263584215396

133 hehateme the Skirmisher (level 5, -3/36 HPs)
             Began as a Gargoyle Fighter on Dec 10, 2020.
             Slain by a killer bee (5 damage)
             ... on level 3 of the Dungeon.
             The game lasted 00:07:22 (3585 turns).

hehateme the Skirmisher (Gargoyle Fighter)          Turns: 3585, Time: 00:07:22

Health: -3/36      AC: 12    Str: 20    XL:     5   Next: 16%
Magic:  5/5        EV:  7    Int:  9    God:
Gold:   153        SH:  9    Dex:  9    Spells: 4/4 levels left

rFire    . . .     SeeInvis .   a - +0 war axe
rCold    . . .     Gourm    .   c - +0 kite shield
rNeg     + . .     Faith    .   b - +0 scale mail
rPois    ∞         Spirit   .   D - +0 helmet (curse)
rElec    +         Reflect  .   (no cloak)
rCorr    .         Harm     .   (no gloves)
MR       .....                  (no boots)
Stlth    ..........             (no amulet)
HPRegen  0.12/turn              (no ring)
MPRegen  0.09/turn              (no ring)

@: mighty, flying
A: negative energy resistance 1, electricity resistance, unbreathing,
petrification resistance, rot immunity, AC +4
a: no special abilities


You were on level 3 of the Dungeon.
You were not hungry.

You visited 1 branch of the dungeon, and saw 4 of its levels.

You collected 153 gold pieces.

Inventory:

Hand Weapons
 a - a +0 war axe (weapon)
 l - a cursed +0 whip
 p - a +1 vorpal mace
 y - a +0 whip of distortion {!w}
Missiles
 f - 58 arrows
 k - 91 stones (quivered)
 o - 52 sling bullets
Armour
 b - a +0 scale mail (worn)
 c - a +0 kite shield (worn)
 D - a cursed +0 helmet (worn)
Jewellery
 j - an uncursed ring of see invisible {unknown}
 Q - an uncursed ring of stealth {unknown}
Scrolls
 g - 3 scrolls of enchant weapon {unknown}
 i - a scroll of identify
 m - 2 scrolls of fog {unknown}
 n - 2 scrolls of amnesia {unknown}
 r - 5 scrolls of magic mapping {unknown}
 s - a scroll of enchant armour {unknown}
 t - 2 scrolls of teleportation
 u - a scroll of noise {unknown}
 A - a scroll of blinking {unknown}
 B - a scroll of fear {unknown}
Potions
 d - a potion of might
 h - 3 potions of curing {unknown}
 q - a potion of flight
 v - a potion of berserk rage {unknown}
 w - a potion of stabbing {unknown}
 x - a potion of heal wounds {unknown}
 C - a potion of magic {unknown}
 E - a potion of lignification {unknown}
Comestibles
 e - 5 rations
 z - a chunk of flesh


   Skills:
 * Level 6.0 Fighting
 - Level 1.7 Axes
 + Level 1.1 Throwing
 - Level 3.2 Armour
 - Level 3.2 Shields


You had 4 spell levels left.
You didn't know any spells.
Your spell library was empty.

Dungeon Overview and Level Annotations

Branches:
Dungeon (4/15)
 Temple: D:4-7

Altars:
Cheibriados
Zin


Innate Abilities, Weirdness & Mutations

You are resistant to torment.
Your stone body is resilient. (AC +4)
You are immune to poison.
You resist negative energy. (rN+)
You are resistant to electric shocks. (rElec)
You can survive without breathing.
You are immune to petrification.
You are immune to rotting.


Message History

You feel very mighty all of a sudden.
The killer bee stings you but does no damage. x2
You block the killer bee's attack.
The killer bee stings you but does no damage.
You closely miss the killer bee. You barely miss the killer bee.
The killer bee stings you but does no damage.
You block the killer bee's attack. x2
The killer bee stings you but does no damage.
The killer bee stings you.
* * * LOW HITPOINT WARNING * * *
The killer bee stings you.
* * * LOW HITPOINT WARNING * * *
You take 8 damage, and have 2/36 hp.
GAME OVER YEAH!!
It was a potion of flight.
You feel very buoyant.
You fly up into the air.
You block the killer bee's attack. x2
The killer bee stings you but does no damage.
The killer bee stings you.
You die...

........#.####..####.......#
...............###...#.....#
.............### #.........#
###.#........# #..##.....#
###.#........#####..##.....#
#...................##.#####
..#.#..............###.#
.##>#..............# #.#
###............y@.## #)#
.................y# #.#
.###.#.############ #.# ##
#...# #.# # ##..# #.# ##..#
##.########## #..##
#..#......... ###...#
#.##......... ##...#.##
#.##.........

Skill      XL: |  1  2  3  4  5 |
---------------+----------------+-----
Fighting       | 4 5 6 |  6.0
Throwing       | 1 |  1.1
Axes           | |  1.7
Armour         | |  3.2
Shields        | |  3.2

Notes
Turn   | Place    | Note
-------+----------+-------------------------------------------
     0 | D:1      | hehateme the Gargoyle Fighter began the quest for the Orb.
     0 | D:1      | Reached XP level 1. HP: 14/14 MP: 1/1
   245 | D:1      | Reached XP level 2. HP: 18/20 MP: 2/2
   247 | D:1      | Reached skill level 4 in Fighting
   864 | D:1      | Reached XP level 3. HP: 24/24 MP: 3/3
  1349 | D:2      | Found a snail-covered altar of Cheibriados.
  1575 | D:2      | Reached skill level 5 in Fighting
  1855 | D:2      | Reached XP level 4. HP: 26/31 MP: 4/4
  2171 | D:2      | Found a glowing silver altar of Zin.
  3203 | D:3      | Reached skill level 1 in Throwing
  3251 | D:2      | Reached XP level 5. HP: 31/36 MP: 5/5
  3401 | D:2      | Reached skill level 6 in Fighting
  3584 | D:3      | HP: 8/36 [killer bee (3)]
  3584 | D:3      | HP: 2/36 [killer bee (6)]
  3585 | D:3      | Slain by a killer bee

Table legend:
 A = Turns spent in this place as a percentage of turns spent in the entire game.
 B = Non-inter-level travel turns spent in this place as a percentage of non-inter-level travel turns spent in the entire game.
 C = Inter-level travel turns spent in this place as a percentage of turns spent in this place.
 D = Turns resting spent in this place as a percentage of non-inter-level travel turns spent in this place.
 E = Turns spent auto-exploring this place as a percentage of non-inter-level travel turns spent in this place.
 F = Non-inter-level travel turns spent in this place divided by the number of levels of this place that you've seen.
                   A       B       C       D       E      F
               +-------+-------+-------+-------+-------+----------------------
         Total | 100.0 | 100.0 |   7.4 |  10.6 |  61.1 | 830.0
       Dungeon | 100.0 | 100.0 |   7.4 |  10.6 |  61.1 | 830.0
               +-------+-------+-------+-------+-------+----------------------

Table legend:
 A = Kills in this place as a percentage of kills in entire the game.
 B = Kills by you in this place as a percentage of kills by you in the entire game.
 C = Kills by friends in this place as a percentage of kills by friends in the entire game.
 D = Other kills in this place as a percentage of other kills in the entire game.
 E = Experience gained in this place as a percentage of experience gained in the entire game.
 F = Experience gained in this place divided by the number of levels of this place that you have seen.
                   A       B       C       D       E      F
               +-------+-------+-------+-------+-------+----------------------
         Total | 100.0 | 100.0 |   N/A |   N/A | 100.0 |  47.5
       Dungeon | 100.0 | 100.0 |   N/A |   N/A | 100.0 |  47.5
               +-------+-------+-------+-------+-------+----------------------

Action                   |  1- 3 |  4- 6 || total
-------------------------+-------+-------++-------
Melee: War axe           |   109 |   115 ||   224
Throw: Stone             |    18 |    23 ||    41
  Use: Scroll            |       |     3 ||     3
       Potion            |       |     2 ||     2
  Eat: Chunk             |     3 |     6 ||     9
Armor: Scale mail        |    56 |    69 ||   125
Dodge: Dodged            |    27 |    63 ||    90
Block: Kite shield       |    54 |    68 ||   122

Vanquished Creatures
  An orc wizard (D:3)
  3 adders (D:2)
  An ooze (D:1)
  An adder skeleton (D:3)
  2 worms (D:2)
  A dart slug (D:2)
  3 leopard geckos
  8 orcs
  3 bats
  2 giant cockroaches
  9 goblins
  6 hobgoblins
  4 jackals (D:1)
  A quokka (D:3)
  A frilled lizard (D:3)
  5 kobolds
  3 rats
54 creatures vanquished. You could see 2 killer bees.

Levels and vault maps discovered:
D:1:      lemuel_arrival_tunnels, layout_basic
D:2:      layout_loops_corners, old_standard_altar, zin_treasury
D:3:      layout_rooms, minmay_joined_circles
D:4:      layout_gridville, hangedman_ru_absence, chequers_serial_rivers_room_a,
          uniq_ijyb
